 Dungeon Crawl Stone Soup version 0.18.1-48-g4cf74bf (webtiles) character file.

318 grulito the Chopper (level 6, 0/52 HPs)
             Began as a Minotaur Fighter on June 28, 2016.
             Slain by an ogre
             ... wielding a cursed -2 giant club
              (21 damage)
             ... on level 4 of the Dungeon.
             The game lasted 00:09:37 (3630 turns).

grulito the Chopper (Minotaur Fighter)              Turns: 3630, Time: 00:09:38

Health: 0/52       AC:  9    Str: 22    XL:     6   Next: 21%
Magic:  5/5        EV:  7    Int:  5    God:
Gold:   45         SH:  9    Dex: 10    Spells: 0 memorised, 5 levels left

rFire  . . .     SeeInvis .     a - +0 war axe
rCold  . . .     Gourm    .     b - +0 scale mail
rNeg   . . .     Faith    .     c - +0 shield
rPois  .         Spirit   .     (helmet restricted)
rElec  .         Dismiss  .     (no cloak)
rCorr  .         Reflect  .     (no gloves)
SustAt .         Harm     .     u - +1 pair of boots
MR     .....                    (no amulet)
Stlth  ..........               (no ring)
                                (no ring)

@: not resistant to hostile enchantments, extremely unstealthy
A: retaliatory headbutt, horns 2
a: no special abilities


You were on level 4 of the Dungeon.
You were not hungry.

You visited 1 branch of the dungeon, and saw 5 of its levels.

You collected 105 gold pieces.
You spent 60 gold pieces at shops.

Inventory:

Hand Weapons
 a - a +0 war axe (weapon)
Armour
 b - a +0 scale mail (worn)
 c - a +0 shield (worn)
 u - a +1 pair of boots (worn)
Scrolls
 e - 2 scrolls of recharging {unknown}
 g - 2 scrolls of amnesia {unknown}
 h - a scroll of fog {unknown}
 i - 6 scrolls of identify {unknown}
 k - 3 scrolls of immolation {unknown}
 l - 2 scrolls of remove curse {unknown}
 n - a scroll of blinking {unknown}
 p - a scroll of magic mapping {unknown}
 q - 2 scrolls of enchant weapon {unknown}
Potions
 d - 2 potions of might
 r - a potion of brilliance {unknown}
 s - 2 potions of invisibility {unknown}
 t - a potion of heal wounds {unknown}
 w - a potion of resistance {unknown}
Miscellaneous
 o - a plain deck of defence
Comestibles
 f - 4 bread rations
 j - 3 meat rations
 m - 4 fruits
 v - a beef jerky


   Skills:
 + Level 3.8 Fighting
 + Level 7.6 Axes
 - Level 3.7 Armour
 + Level 1.0 Stealth
 - Level 3.6 Shields


You had 5 spell levels left.
You didn't know any spells.

Dungeon Overview and Level Annotations

Branches:
Dungeon (5/15)
 Temple: D:4-7

Altars:
Kikubaaqudgha
Nemelex Xobeh
Okawaru
Ru
Vehumet
The Shining One

Shops:
D:4 !%

Annotations:
D:3 TBriggs11TB's ghost, amateur DsGl
D:4 TBriggs11TB's ghost, amateur DsGl


Innate Abilities, Weirdness & Mutations

You reflexively headbutt those who attack you in melee.
You have a pair of horns on your head.


Message History

You hear the sound of rushing water.
There is an entrance to a sewer on this level.
Hurry and find it before the portal rusts away!
You hear the rapid rusting of a distant drain.
Level annotation: TBriggs11TB's ghost, amateur DsGl
There is a stone staircase leading down here.
An ogre comes into view. It is wielding a giant club.
The ogre shouts!
Found 9 stones.
The ogre hits you with a giant club!!
You slash the ogre!
The ogre is moderately wounded.
The ogre hits you with a giant club!
Your shield prevents you from hitting the ogre.
You headbutt the ogre.
The ogre is heavily wounded.
The ogre barely misses you. You furiously retaliate!
You headbutt the ogre. You closely miss the ogre.
The ogre is heavily wounded.
The ogre hits you with a giant club!!
You die...

#.# #.# # #.######
(####
#......##########
'...#######.#.........
#..........#.........
#......∩.............
#..O.......#.........
#...@................
#.........###########
#.........# #......#
#.........###....>.##
#....................
#..........##........
##########.##........
#.##........
#.##......##


You could see an ogre.

Vanquished Creatures
  A scorpion (D:3)
  A howler monkey (D:4)
  A centaur zombie (D:4)
  3 hounds
  2 adders
  An ooze (D:1)
  2 dart slugs
  3 giant geckos
  9 orcs (D:3)
  7 bats
  A giant cockroach (D:1)
  4 goblins
  7 hobgoblins
  8 jackals
  6 kobolds
  2 quokkas (D:2)
  2 giant newts (D:1)
  5 rats
65 creatures vanquished.

Notes
Turn   | Place    | Note
--------------------------------------------------------------
     0 | D:1      | grulito the Minotaur Fighter began the quest for the Orb.
     0 | D:1      | Reached XP level 1. HP: 19/19 MP: 0/0
   313 | D:1      | Reached skill level 3 in Axes
   317 | D:1      | Reached XP level 2. HP: 22/27 MP: 1/1
   872 | D:2      | Reached skill level 4 in Axes
   879 | D:2      | Reached XP level 3. HP: 33/33 MP: 2/2
   941 | D:2      | Found a glowing golden altar of the Shining One.
   970 | D:2      | Found an iron altar of Okawaru.
  1083 | D:2      | Found a radiant altar of Vehumet.
  1526 | D:2      | Found a sparkling altar of Nemelex Xobeh.
  1971 | D:3      | Noticed TBriggs11TB's ghost (amateur DsGl)
  2198 | D:3      | Found an ancient bone altar of Kikubaaqudgha.
  2202 | D:3      | Found a sacrificial altar of Ru.
  2216 | D:3      | Reached skill level 5 in Axes
  2347 | D:3      | Reached XP level 4. HP: 36/40 MP: 3/3
  2734 | D:3      | Reached skill level 6 in Axes
  2734 | D:3      | Reached XP level 5. HP: 42/46 MP: 4/4
  3120 | D:4      | Found Kiodoul's Food Emporium.
  3131 | D:4      | Bought a meat ration for 60 gold pieces
  3158 | D:4      | Reached skill level 7 in Axes
  3170 | D:4      | Reached skill level 1 in Stealth
  3170 | D:4      | Reached XP level 6. HP: 51/52 MP: 5/5
  3231 | D:4      | Found Yshural's Distillery.
  3364 | D:4      | Noticed TBriggs11TB's ghost (amateur DsGl)
  3414 | D:5      | Entered Level 5 of the Dungeon
  3630 | D:4      | Slain by an ogre

Skill      XL: |  1  2  3  4  5 |
---------------+----------------+-----
Axes           | 3 4 5 6 7 |  7.6
Stealth        | 1 |  1.0
Fighting       | |  3.8
Armour         | |  3.7
Shields        | |  3.6

Action                   |  1- 3 |  4- 6 || total
-------------------------+-------+-------++-------
Melee: War axe           |   117 |    95 ||   212
       Headbutt          |    12 |    12 ||    24
  Eat: Chunk             |     2 |       ||     2
       Bread ration      |     1 |       ||     1
       Meat ration       |       |     1 ||     1
Armor: Scale mail        |    60 |    36 ||    96
Dodge: Dodged            |    39 |    33 ||    72
Block: Shield            |    64 |    47 ||   111
